Map: Neon Violet Square LE

Players

llllllllllll - Winner!

  • Race: Terran Terran
  • League: Grandmaster
  • Spawn Location: 11:00

HatsuneMiku

  • Race: Terran Terran
  • League: Master
  • Spawn Location: 5:00

VOD

Have the link to the VOD?

Description

Time

  • Played on: Nov. 30, 2017, 8:52 p.m.
  • Length: 4:07
Show
View Real Time Build Order
Export as new Build Order

llllllllllll Terran - Winner!

Build Orders: 1/1/1 

Get SALT Encoding   

  12  0:00  SCV  
  13  0:13  SCV  
  14  0:18  Supply Depot  
  14  0:25  SCV  
  15  0:29  Refinery  
  15  0:40  SCV  
  16  0:46  Barracks  
  16  0:52  SCV  
  17  1:04  SCV  
  18  1:16  SCV  
  19  1:33  Factory  
  19  1:34  Orbital Command, Marine  
  19  1:38  Refinery  
  20  1:47  Supply Depot  
  20  1:52  Marine  
  21  1:59  SCV  
  22  2:09  Marine  
  22  2:11  SCV  
  24  2:17  Starport  
  24  2:21  Hellion  
  26  2:24  SCV  
  27  2:32  Barracks Tech Lab  
  27  2:33  Supply Depot  
  27  2:37  SCV  
  28  2:42  Widow Mine  
  30  2:49  SCV  
  31  3:01  SCV  
  31  3:04  Raven  
  34  3:11  Cyclone  
  34  3:12  Marine  
  38  3:13  SCV  
  39  3:26  Supply Depot  
  39  3:32  SCV  
  35  3:37  Marine  
  36  3:44  SCV  
Show
View Real Time Build Order
Export as new Build Order

HatsuneMiku Terran 

Build Orders: Cyclone Opening 

Get SALT Encoding   

  12  0:00  SCV  
  13  0:13  SCV  
  14  0:18  Supply Depot  
  14  0:25  SCV  
  15  0:36  Refinery  
  15  0:40  SCV  
  16  0:48  Barracks  
  16  0:52  SCV  
  17  1:04  SCV  
  17  1:07  Refinery  
  18  1:21  SCV  
  19  1:35  Orbital Command  
  19  1:36  Reaper  
  20  1:43  Factory  
  20  1:51  Supply Depot  
  20  2:07  Factory  
  20  2:12  Reaper  
  21  2:16  SCV  
  22  2:28  SCV  
  23  2:30  Cyclone  
  26  2:41  SCV  
  27  2:47  Supply Depot  
  28  2:57  Cyclone  
  30  3:07  Marine  
  30  3:08  Cyclone  
  33  3:25  Marine  
  38  3:48  Marine  
Tags
 
Add a new tag
Caveats
  • Supply blocks, unpowered buildings, or Contaminate may cause inaccurate times.
  • Supply counts are checked every 10 seconds.